Map: Orbital Shipyard

Players

Probe - Winner!

  • Race: Protoss Protoss
  • League: Diamond

ILLBdA

  • Race: Protoss Protoss
  • League: Diamond

VOD

Have the link to the VOD?

Description

Time

  • Played on: Dec. 14, 2015, 7:20 a.m.
  • Length: 3:06
Show
View Real Time Build Order
Export as new Build Order

Probe Protoss - Winner!

Build Orders: Cannon Rush 

Get SALT Encoding   

  12  0:00  Probe (Chrono Boost)  
  13  0:11  Probe (Chrono Boost)  
  14  0:18  Pylon  
  14  0:23  Probe (Chrono Boost)  
  15  0:37  Probe (Chrono Boost)  
  16  0:46  Forge  
  16  0:50  Pylon  
  16  0:53  Probe (Chrono Boost)  
  17  1:03  Probe (Chrono Boost)  
  18  1:14  Gateway  
  18  1:19  Photon Cannon  
  18  1:27  Assimilator  
  18  1:45  Photon Cannon  
  18  1:47  Pylon  
  18  1:52  Probe (Chrono Boost)  
  19  1:59  Photon Cannon  
  19  2:01  Pylon  
  19  2:03  Probe (Chrono Boost)  
  20  2:13  Probe (Chrono Boost)  
  21  2:20  Photon Cannon  
  21  2:24  Photon Cannon  
  21  2:33  Probe (Chrono Boost)  
  21  2:35  Assimilator  
  22  2:45  Photon Cannon  
  22  2:50  Photon Cannon  
  22  2:58  Pylon  
Show
View Real Time Build Order
Export as new Build Order

ILLBdA Protoss 

Build Orders:  

Get SALT Encoding   

  12  0:10  Pylon  
  12  0:13  Probe (Chrono Boost)  
  13  0:23  Probe (Chrono Boost)  
  14  0:31  Gateway  
  14  0:34  Probe (Chrono Boost)  
  15  0:44  Probe (Chrono Boost)  
  15  0:46  Assimilator  
  16  0:50  Assimilator  
  16  0:55  Probe (Chrono Boost)  
  17  1:05  Probe (Chrono Boost)  
  18  1:16  Probe (Chrono Boost)  
  18  1:18  Cybernetics Core  
  19  1:27  Probe (Chrono Boost)  
  20  1:37  Probe (Chrono Boost)  
  21  1:42  Pylon  
  21  1:49  Pylon  
  21  1:53  Pylon  
  21  1:55  Mothership Core (Chrono Boost)  
  23  2:05  Stalker (Chrono Boost)  
  25  2:14  Pylon  
  23  2:33  Stalker (Chrono Boost)  
Tags
 
Matchup
PvP
Replay Pack
me
Add a new tag
Caveats
  • Supply blocks, unpowered buildings, or Contaminate may cause inaccurate times.
  • Supply counts are checked every 10 seconds.